 Dungeon Crawl Stone Soup version 0.30-a0-424-g7412bad402 (webtiles) character file.

Game seed: 9327847904808411583

3012 Pooter the Grappler (level 9, 0/88 HPs)
             Began as a Troll Monk on Dec 9, 2022.
             Was a Priest of Okawaru.
             Slain by an orc warrior
             ... wielding a +0 glaive
              (12 damage)
             ... in a bailey.
             The game lasted 00:32:24 (5408 turns).

Pooter the Grappler (Troll Monk)                    Turns: 5408, Time: 00:32:25

Health: 0/88       AC:  4    Str: 25    XL:     9   Next: 55%
Magic:  7/10       EV: 11    Int:  6    God:    Okawaru [***...]
Gold:   67         SH: 21    Dex: 18    Spells: 8/8 levels left

rFire   . . .      SeeInvis .      - Unarmed
rCold   . . .      Faith    .    y - +0 tower shield
rNeg    . . .      Spirit   .    a - +0 robe
rPois   .          Reflect  +    (helmet restricted)
rElec   .          Harm     .    (no cloak)
rCorr   .          Rampage  .    (gloves unavailable)
Will    .....                    (boots unavailable)
Stlth   +++.......               j - amulet of reflection
HPRegen 1.14/turn                C - +6 ring of dexterity
MPRegen 0.12/turn                (no ring)

@: heroic
A: large, unfitting armour, claws 3, regeneration 1, shaggy fur 1, tough skin 1
a: Renounce Religion, Heroism


You were in a bailey.
You worshipped Okawaru.
Okawaru was most pleased with you.
You visited 2 branches of the dungeon, and saw 8 of its levels.
You also visited: Ossuary and Bailey.

You collected 427 gold pieces.
You spent 360 gold pieces at shops.

Inventory:

Hand Weapons
 D - a +0 halberd
   (You found it on level 7 of the Dungeon)
 E - a +0 trident
   (You took it off an orc in a bailey)
Missiles
 Q - 23 stones (quivered)
Armour
 a - a +0 robe (worn)
 y - a +0 tower shield (worn)
   (You found it on level 4 of the Dungeon)
Jewellery
 j - an amulet of reflection (around neck)
   (You found it on level 2 of the Dungeon)
 C - a +6 ring of dexterity (left claw)
   (You found it on level 5 of the Dungeon)
Wands
 A - a wand of polymorph (1)
   (You took it off Natasha on level 4 of the Dungeon)
Scrolls
 c - a scroll of noise {!r}
 e - 3 scrolls of amnesia
 f - 2 scrolls of poison {!r}
 l - 2 scrolls of fog
 m - a scroll of silence
 r - a scroll of acquirement {unknown}
 s - a scroll of immolation {unknown}
 t - 3 scrolls of teleportation {@r4}
 u - a scroll of enchant weapon {unknown}
Potions
 b - 2 potions of ambrosia
 d - 12 potions of curing {@q1}
 g - 2 potions of cancellation
 i - a potion of degeneration {unknown}
 k - a potion of magic {unknown}
 n - 3 potions of might
 o - 6 potions of heal wounds {@q2}
 p - 2 potions of lignification {unknown}
 q - 2 potions of mutation {unknown}
 w - 3 potions of haste {@q3}
 x - 2 potions of berserk rage {unknown}
 z - 3 potions of invisibility
 B - 2 potions of flight


   Skills:
 + Level 5.6(10.6) Fighting
 + Level 5.2(10.2) Throwing
 - Level 2.4(7.4) Dodging
 - Level 1.0(6.0) Stealth
 + Level 2.7(7.7) Shields
 * Level 9.2(14.2) Unarmed Combat
 + Level 2.7 Invocations
 + Level 2.2 Evocations


You had 8 spell levels left.
You didn't know any spells.
Your spell library contained the following spells:

 Spells                   Type           Power      Damage    Failure   Level
 Beastly Appendage        Tmut           0%         N/A       94%         1
 Cigotuvi's Dreadful Rot  Necr/Pois/Air  0%         N/A       98%         2
 Wereblood                Tmut           0%         N/A       98%         2
 Spider Form              Tmut/Pois      0%         N/A       100%        3
 Cause Fear               Hex            0%         N/A       100%        4
 Dispel Undead            Necr           0%         3d6       100%        4
 Passage of Golubria      Tloc           0%         N/A       100%        4
 Yara's Violent Unravell  Hex/Tmut       0%         3d3       100%        5
 Dragon Form              Tmut           0%         N/A       100%        7
 Tukima's Dance           Hex            Unusable   N/A       N/A         3
 Death Channel            Necr           Unusable   N/A       N/A         6
 Dragon's Call            Summ           Unusable   N/A       N/A         9

Dungeon Overview and Level Annotations

Branches:
Dungeon (7/15)             Temple (1/1) D:4         Ossuary (visited)
 Bailey (1/1)

Altars:
Ashenzari
Dithmenos
Elyvilon
Gozag
Hepliaklqana
Kikubaaqudgha
Nemelex Xobeh
Okawaru
Qazlal
Sif Muna
Uskayaw
Xom
Yredelemnul
The Shining One

Shops:
D:4 !


Innate Abilities, Weirdness & Mutations

You are too large for most types of armour.
You have claws for hands.
Your natural rate of healing is unusually fast.
You are covered in fur. (AC +1)
You have tough skin. (AC +1)


Message History

The orc warrior hits you from afar with a +0 glaive!!
* * * LOW HITPOINT WARNING * * *
You kill the orc warrior!
Okawaru accepts your kill. You block the orc warrior's attack. x2
There is an open door here.
You closely miss the orc warrior.
The orc warrior looks more healthy.
The orc warrior hits you with a +0 glaive!
* * * LOW HITPOINT WARNING * * *
You block the orc warrior's attack. x3
You hit the orc warrior.
The orc warrior hits you but does no damage.
You block the orc warrior's attack.
You closely miss the orc warrior. You block the orc warrior's attack. x2
You hit the orc warrior.
You kill the orc warrior!
Okawaru accepts your kill. You block the orc warrior's attack.
The orc warrior hits you from afar with a +0 halberd!
* * * LOW HITPOINT WARNING * * *
You fail to use your ability.
You block the orc warrior's attack.
Unknown command.
You are now empty-clawed.
The orc warrior hits you with a +0 halberd!
* * * LOW HITPOINT WARNING * * *
You claw the orc warrior! You block the orc warrior's attack.
You scratch the orc warrior but do no damage.
The orc warrior hits you with a +0 halberd.
* * * LOW HITPOINT WARNING * * *
You closely miss the orc warrior. You block the orc warrior's attack.
Unknown command.
You claw the orc warrior!
You kill the orc warrior!
Okawaru accepts your kill.
Unknown command.
You feel like a meek peon again.
The orc warrior no longer looks unusually strong.
The orc warrior hits you with a +0 glaive!
* * * LOW HITPOINT WARNING * * *
Things that are here:
a +0 halberd; a +0 plate armour You claw the orc warrior!
You block the orc warrior's attack.
You scratch the orc warrior but do no damage.
You block the orc warrior's attack.
You gain the combat prowess of a mighty hero.
You block the orc warrior's attack.
You completely miss the orc warrior. The orc warrior barely misses you.
You claw the orc warrior!
The orc warrior hits you with a +0 glaive!
You die...

#.~..##...+#..≈≈≈.≈≈≈ #.$.#
#.~)..##.##..≈≈.((.(≈ ##.##
##.)~..#+#..≈≈...⌠... #+#.
#∩.~~..# .....(⌠∩⌠.. #.
#.~~..## ..≈§o)...≈ ##
#.~..## ..§≈≈≈≈≈§ # #.~.##
#).......
#.~.#########o###+###########
#.~.........@##.....##.......
#.~~~~~~~~~~..##.∩.##..~~~~~~
#..........~~).## ##..~~.....
##########..~~))###..~~..####
##..~~.....~~..##
##..~~~~~~~..## ##.........##
###########


You could see an orc knight and an orc warrior.

Vanquished Creatures
  A manticore (D:7)
  A hornet (D:7)
  A steam dragon (D:6)
  A sky beast (D:6)
  6 orc warriors
  A black bear (D:5)
  An ice beast (D:5)
  An ogre (D:5)
  A phantom (D:5)
  A kobold brigand (D:4)
  4 scorpions
  A bullfrog (D:7)
  2 howler monkeys
  2 centaur zombies (Ossuary)
  3 jellies
  A human zombie (Ossuary)
  2 hounds (D:6)
  An iguana (D:7)
  2 orc wizards (D:4)
  Natasha (thrice) (D:4)
  3 ogre zombies (Ossuary)
  7 mummies (Ossuary)
  11 gnolls
  6 adders
  2 shadow imps (D:5)
  A white imp (D:7)
  An ufetubus (D:7)
  4 adder zombies (Ossuary)
  4 worms
  5 dart slugs
  26 orcs
  A bat zombie (D:4)
  8 endoplasms
  3 giant cockroaches
  8 goblins
  11 hobgoblins
  8 jackals
  6 quokkas
  11 ball pythons
  5 bats
  A frilled lizard (D:1)
  A gnoll zombie (Ossuary)
  3 goblin zombies (Ossuary)
  4 hobgoblin zombies (Ossuary)
  9 kobolds
  2 kobold zombies (Ossuary)
  3 quokka zombies (Ossuary)
  5 rats
  9 rat zombies
204 creatures vanquished.

Notes
Turn   | Place    | Note
-------+----------+-------------------------------------------
     0 | D:1      | Pooter the Troll Monk began the quest for the Orb.
     0 | D:1      | Reached XP level 1. HP: 22/22 MP: 0/0
   100 | D:1      | Reached XP level 2. HP: 29/29 MP: 1/1
   553 | D:1      | Reached XP level 3. HP: 36/36 MP: 2/2
   916 | D:2      | Reached skill level 4 in Unarmed Combat
  1154 | D:2      | Reached skill level 1 in Throwing
  1154 | D:2      | Reached XP level 4. HP: 45/45 MP: 3/3
  1628 | D:3      | Identified the +7 leather armour "Lopt" {Harm *Slow +Blink}
  1725 | D:3      | Found a basalt altar of Yredelemnul.
  1907 | D:4      | Found Eclian's Distillery.
  1947 | D:4      | Reached XP level 5. HP: 49/53 MP: 4/4
  1952 | D:4      | Bought 2 potions of heal wounds for 120 gold pieces
  1952 | D:4      | Bought a potion of curing for 36 gold pieces
  1961 | D:4      | Noticed a water elemental
  1962 | D:4      | Found a stormy altar of Qazlal.
  1965 | D:4      | Noticed an air elemental
  1965 | D:4      | Noticed a fire elemental
  2045 | D:4      | Reached skill level 5 in Unarmed Combat
  2111 | D:4      | Found a sand-covered staircase.
  2115 | Ossuary  | Entered an ossuary
  2177 | Ossuary  | Reached XP level 6. HP: 57/61 MP: 5/5
  2422 | Ossuary  | Reached skill level 6 in Unarmed Combat
  2644 | D:4      | Noticed Natasha
  2650 | D:4      | Killed Natasha
  2651 | D:4      | Reached XP level 7. HP: 65/68 MP: 6/6
  2674 | D:4      | Found a staircase to the Ecumenical Temple.
  2682 | Temple   | Entered the Ecumenical Temple
  2687 | Temple   | Became a worshipper of Warmaster Okawaru
  2687 | Temple   | Reached * piety under Okawaru
  2687 | Temple   | Reached ** piety under Okawaru
  3096 | D:4      | Noticed Natasha
  3113 | D:4      | Killed Natasha
  3338 | D:4      | Found an ancient bone altar of Kikubaaqudgha.
  3370 | D:4      | Noticed Natasha
  3391 | D:4      | Killed Natasha
  3419 | D:5      | Entered Level 5 of the Dungeon
  3478 | D:5      | Reached skill level 7 in Unarmed Combat
  3557 | D:5      | Reached XP level 8. HP: 68/79 MP: 7/7
  3886 | D:5      | Reached *** piety under Okawaru
  3966 | D:5      | Found a white marble altar of Elyvilon.
  4188 | D:5      | Found an opulent altar of Gozag.
  4188 | D:5      | Found a sparkling altar of Nemelex Xobeh.
  4308 | D:4      | Bought a potion of curing for 36 gold pieces
  4308 | D:4      | Bought a potion of curing for 36 gold pieces
  4308 | D:4      | Bought a potion of invisibility for 96 gold pieces
  4308 | D:4      | Bought a potion of flight for 36 gold pieces
  4352 | D:6      | Reached skill level 8 in Unarmed Combat
  4370 | D:6      | Reached skill level 5 in Fighting
  4440 | D:6      | Reached skill level 1 in Shields
  4440 | D:6      | Reached skill level 1 in Invocations
  4470 | D:6      | Reached skill level 1 in Evocations
  4706 | D:6      | Found a hazy altar of Hepliaklqana.
  5011 | D:7      | Noticed a hornet
  5013 | D:7      | Noticed a manticore
  5016 | D:7      | Killed a hornet
  5016 | D:7      | Received a gift from Okawaru
  5017 | D:7      | Reached XP level 9. HP: 61/88 MP: 6/9
  5026 | D:7      | Killed a manticore
  5075 | D:7      | Found a shimmering altar of Xom.
  5122 | D:7      | Reached skill level 5 in Throwing
  5144 | D:7      | Found a broken altar of Ashenzari.
  5158 | D:7      | Found a flagged portal.
  5162 | D:7      | Found a shadowy altar of Dithmenos.
  5168 | Bailey   | Entered a bailey
  5303 | Bailey   | Reached skill level 9 in Unarmed Combat
  5366 | Bailey   | Noticed an orc knight
  5408 | Bailey   | Slain by an orc warrior

Illustrated notes

Levels and vault maps discovered:
D:1:      onia_arrival_mini_maze, layout_loops_ring
D:2:      layout_rooms
D:3:      layout_basic, mainiacjoe_overflow_paths, saegor_snake_ambush
D:4:      cheibrodos_thug_alley, layout_loops_ring,
          lemuel_zombie_altar_kikubaaqudgha, nicolae_qazlal_style_of_elements,
          minmay_temple_entry_large_hall, enter_ossuary_5, serial_shops,
          nicolae_shop_statue_plus, uniq_natasha
D:5:      layout_basic, grunt_temple_overflow_opulence, elyvilon_altar_3
D:6:      layout_loops_ring, overflow_temple_1_default
D:7:      lemuel_ice_statue, layout_loops_ring, mainiacjoe_overflow_chevrons,
          jmf_multi_god_temple, overflow_temple_1_default, enter_bailey_2,
          kennysheep_generic_room_11
Temple:   nicolae_temple_ecumenical_triangle
Bailey:   bailey_polearm_1, bailey

Skill      XL: |  1  2  3  4  5  6  7  8  9 |
---------------+----------------------------+-----
Unarmed Combat | 4 5 6 7 8 9 |  9.2
Fighting       | 3 4 5 |  5.6
Throwing       | 1 2 3 4 5 |  5.2
Shields        | 1 2 |  2.7
Invocations    | 1 2 |  2.7
Evocations     | 1 2 |  2.2
Dodging        | |  2.4
Stealth        | |  1.0

Action                   |  1- 3 |  4- 6 |  7- 9 || total
-------------------------+-------+-------+-------++-------
Melee: Unarmed           |    76 |   221 |   213 ||   510
       Punch             |     1 |     6 |       ||     7
       Trident           |       |       |     7 ||     7
Throw: Dart              |       |     3 |    24 ||    27
       Stone             |       |     8 |     2 ||    10
       Javelin           |       |       |     1 ||     1
Invok: Heroism           |       |       |    10 ||    10
Evoke: Wand              |       |       |     1 ||     1
  Use: Scroll            |     4 |       |     6 ||    10
 Stab: Sleeping          |     6 |     7 |     8 ||    21
Armor: Robe              |    23 |    43 |    20 ||    86
       Skin              |       |       |     1 ||     1
Dodge: Dodged            |    32 |    73 |    41 ||   146
Block: Other             |     3 |    34 |     1 ||    38
       Tower shield      |       |       |   189 ||   189
       Reflection        |       |       |     1 ||     1

Table legend: (Time is in decaauts)
 A = Elapsed time spent in this place.
 B = Non-inter-level travel time spent in this place.
 C = Inter-level travel time spent in this place.
 D = Time resting spent in this place.
 E = Time spent auto-exploring this place.
 F = Levels seen in this place.
 G = Mean time per level.
                   A        B        C        D        E       F      G
               +--------+--------+--------+--------+--------+-----+--------+
         Total |   5416 |   5149 |    267 |    160 |   3321 |  10 |  541.6 |
       Dungeon |   4709 |   4442 |    267 |    122 |   3148 |   7 |  672.7 |
        Temple |     10 |     10 |      0 |      0 |      0 |   1 |   10.0 |
       Ossuary |    452 |    452 |      0 |     24 |     93 |   1 |  452.0 |
        Bailey |    243 |    243 |      0 |     14 |     80 |   1 |  243.0 |
               +--------+--------+--------+--------+--------+-----+--------+

Top non-repeatable levels by time:
     D:4: 1083 daAuts
     D:1: 885 daAuts
     D:5: 810 daAuts
     D:6: 679 daAuts
     D:3: 617 daAuts
 Ossuary: 452 daAuts
     D:2: 410 daAuts
  Bailey: 243 daAuts
     D:7: 222 daAuts
  Temple: 10 daAuts
